 Dungeon Crawl Stone Soup version 0.21-a0-88-g13b9641 (webtiles) character file.

27661 4thArraOfDagon the Carver (level 13, 0/104 HPs)
             Began as a Formicid Warper on June 26, 2017.
             Was a High Priest of Cheibriados.
             Shot with an arrow by a centaur (14 damage)
             ... led by a centaur warrior
             ... on level 15 of the Dungeon.
             The game lasted 00:30:35 (7103 turns).

4thArraOfDagon the Carver (Formicid Warper)         Turns: 7103, Time: 00:30:35

Health: 0/104      AC:  6    Str: 32    XL:     13   Next: 67%
Magic:  16/20      EV: 20    Int: 24    God:    Cheibriados [*****.]
Gold:   199        SH:  0    Dex: 21    Spells: 12/16 levels left

rFire    . . .     SeeInvis +   a - +3 scimitar (flame)
rCold    . . .     Gourm    .   (no shield)
rNeg     . . .     Faith    .   l - +0 troll leather armour
rPois    +         Spirit   .   (helmet unavailable)
rElec    .         Reflect  .   M - +0 cloak
rCorr    +         Harm     +   (no gloves)
MR       +....                  C - +0 pair of boots
Stlth    ++........             b - amulet of harm
HPRegen  0.67/turn              k - ring of poison resistance
MPRegen  0.17/turn              N - ring of resist corrosion

@: very slow
A: permanent stasis, dig shafts and tunnels, four strong arms, antennae 3
a: Dig, Shaft Self, Bend Time, Temporal Distortion, Slouch, Step From Time,
Renounce Religion


You were on level 15 of the Dungeon.
You worshipped Cheibriados.
Cheibriados was extremely pleased with you.
You were not hungry.

You visited 1 branch of the dungeon, and saw 15 of its levels.
You visited 1 bazaar.
You also visited: Sewer and Ossuary.

You collected 667 gold pieces.
You spent 468 gold pieces at shops.

Inventory:

Hand Weapons
 a - a +3 scimitar of flaming (weapon)
 r - a +1 short sword of venom
 D - the +6 hunting sling of the Walnut {velocity, +Inv MR+ Int+4, unknown}
   (You found it on level 6 of the Dungeon)

   Any stone fired from it inflicts extra damage.
   It affects your intelligence (+4).
   It affects your resistance to hostile enchantments.
   It lets you turn invisible.
 L - a +1 scimitar of flaming
 W - a +3 longbow of flaming
Missiles
 e - a tomahawk of dispersal (quivered)
 B - 9 tomahawks
 G - 2 throwing nets
Armour
 l - a +0 troll leather armour (worn)
 C - a +0 pair of boots (worn)
 K - a +2 robe of magic resistance
 M - a +0 cloak (worn)
 P - a +0 robe of the Archmagi
 Z - +1 ice dragon scales
Jewellery
 b - an amulet of harm (around neck)
 g - an uncursed amulet of magic regeneration {unknown}
 k - a ring of poison resistance (left hand)
 H - a +1 ring of protection
 N - a ring of resist corrosion (right hand)
 X - an uncursed ring of flight
Wands
 u - a wand of random effects (25/48)
 w - a wand of disintegration (0/24)
 A - a wand of paralysis (10/24)
 J - a wand of lightning (10/15)
 S - a wand of flame (7/48)
 T - a wand of iceblast (8/15)
 U - a wand of scattershot (0/9)
 V - a wand of iceblast (0/15)
Scrolls
 n - 2 scrolls of amnesia
 o - a scroll of torment
 p - 4 scrolls of remove curse
 q - 3 scrolls of enchant weapon
 y - 4 scrolls of fear
Potions
 h - 3 potions of might
 i - 3 potions of haste {unknown}
 j - 6 potions of curing
 s - 3 potions of agility {unknown}
 t - a potion of heal wounds {unknown}
 v - a potion of invisibility {unknown}
 x - 3 potions of mutation
 z - a potion of ambrosia
 E - 2 potions of cancellation {unknown}
 I - 2 potions of degeneration
 Q - 2 potions of brilliance {unknown}
 R - a potion of flight {unknown}
 Y - a potion of magic
Books
 c - a book of Spatial Translocations

   Spells                             Type                      Level
   a - Blink                          Translocation                2
   b - Shroud of Golubria             Charms/Translocation         2
   c - Lesser Beckoning               Translocation                3
   d - Gell's Gravitas                Translocation                3
   e - Teleport Other                 Translocation                3
   f - Passage of Golubria            Translocation                4
 m - a book of Changes

   Spells                             Type                      Level
   a - Beastly Appendage              Transmutation                1
   b - Sticks to Snakes               Transmutation                2
   c - Spider Form                    Transmutation/Poison         3
   d - Ice Form                       Ice/Transmutation            4
   e - Blade Hands                    Transmutation                5
Comestibles
 d - a royal jelly
 f - 4 bread rations
 F - a fruit
 O - a meat ration


   Skills:
 + Level 10.7 Fighting
 * Level 13.8 Long Blades
 - Level 1.0 Throwing
 - Level 2.3 Armour
 + Level 9.5 Dodging
 - Level 2.1 Spellcasting
 - Level 2.6 Translocations
 - Level 10.1 Invocations
 - Level 6.0 Evocations


You had 12 spell levels left.
You knew the following spells:

 Your Spells              Type           Power        Failure   Level  Hunger
a - Passage of Golubria   Tloc           N/A          41%         4    ####...


Dungeon Overview and Level Annotations

Branches:
Dungeon (15/15)            Temple (0/1) D:7
   Lair: D:8-11         Orc: D:9-12      Vaults: D:13-14     Depths: D:15

Altars:
Cheibriados
Gozag
Ru
Sif Muna
Wu Jian
Xom

Shops:
D:12 !

Annotations:
D:8 4thArraOfDagon's ghost, amateur FoWr


Innate Abilities, Weirdness & Mutations

You cannot be hasted, slowed, berserked, paralysed or teleported.
You can dig through walls and to a lower floor.
Your four strong arms can wield two-handed weapons with a shield.
You have a pair of large antennae on your head. (SInv)


Message History

Cheibriados lowers the support of your attributes as your movement quickens.
Unknown command.
You see here 2 bolts.
Unknown command.
Unknown command.
You feel a little less mighty now.
The centaur unwields an uncursed short sword.
The centaur wields a shortbow.
The centaur shoots an arrow.
The arrow misses you.
Unknown command.
The centaur shoots an arrow.
The arrow hits you.
* * * LOW HITPOINT WARNING * * *
Unknown command.
Unknown command.
The centaur shoots an arrow.
The arrow hits you.
* * * LOW HITPOINT WARNING * * *
The centaur shoots an arrow.
The arrow hits you!
* * * LOW HITPOINT WARNING * * *
The centaur shoots an arrow.
The arrow hits you!
You die...

.......# #...#
#.......# ...)...#
#...# #.......#
#...###...# #.......#
#...).<...# #.cc....#
#...c.....# #cc....<#
#.........# #.......#
#.......))####.......#
#....8.(.8...........#
#.....@.)).##........#
#..........# ........#
#.).....(..# ........#
#))....8..## ........#
#...).....#
#.........#
#........## #........#
#........#


You could see a centaur.

Vanquished Creatures
  Nessos (D:13)
  Josephine (D:10)
  Erolcha (D:10)
  4 hydras
  A death knight (D:13)
  Erica (D:8)
  3 centaur warriors
  3 unseen horrors
  A wolf spider zombie (D:15)
  A deep elf mage (D:13)
  6 ugly things
  Psyche (D:8)
  3 gargoyles
  Maurice (D:8)
  An efreet (D:13)
  4 yaktaurs (D:15)
  3 trolls
  Grinder (D:6)
  A harpy skeleton (D:14)
  A hornet (D:10)
  A hippogriff (D:9)
  3 wraiths (D:10)
  A wyvern (D:10)
  A hungry ghost (D:13)
  18 yaks
  6 vampire mosquitoes
  A steam dragon (D:8)
  A water moccasin (D:12)
  2 ice beasts
  A phantom (D:13)
  3 orc warriors
  2 sky beasts (D:8)
  An eye of draining (D:13)
  7 ogres
  A crocodile (D:15)
  3 centaurs
  Blork the orc (D:5)
  2 elf zombies (Ossuary)
  6 big kobolds (Sewer)
  A gnoll sergeant (D:9)
  An elf skeleton (D:7)
  5 bullfrogs
  5 scorpions
  11 killer bees
  5 wights (D:15)
  4 howler monkeys
  An electric eel (D:10)
  3 crimson imps
  8 orc priests
  3 jellies
  A human zombie (Ossuary)
  A gnoll shaman (D:7)
  4 hounds
  3 centaur skeletons
  2 iguanas
  2 human skeletons (D:7)
  4 worker ants
  12 orc wizards
  A killer bee zombie (D:6)
  2 big kobold zombies (Ossuary)
  The ghost of 4thArraOfDagon the Grasshopper, a weakling FoWr (D:14)
  3 mummies (Ossuary)
  Robin (D:3)
  8 gnolls
  A howler monkey zombie (D:5)
  6 river rats
  15 adders
  4 oozes
  3 adder zombies (Ossuary)
  10 worms
  6 leopard geckos
  36 orcs
  4 ball pythons (Sewer)
  7 giant cockroaches
  A gnoll zombie (Ossuary)
  12 goblins
  9 hobgoblins
  7 jackals
  A quokka (D:6)
  6 bats
  8 frilled lizards
  3 goblin zombies (Ossuary)
  3 hobgoblin zombies (Ossuary)
  5 jackal zombies
  11 kobolds
  4 kobold zombies (Ossuary)
  2 orc skeletons (D:7)
  3 orc zombies
  6 quokka zombies
  9 rats
  5 rat zombies (Ossuary)
  2 butterflies (D:3)
381 creatures vanquished.

Vanquished Creatures (others)
  An adder (D:8)
1 creature vanquished.

Grand Total: 382 creatures vanquished

Notes
Turn   | Place    | Note
-------+----------+-------------------------------------------
     0 | D:1      | 4thArraOfDagon the Formicid Warper began the quest for the Orb.
     0 | D:1      | Reached XP level 1. HP: 16/16 MP: 3/3
    21 | D:2      | Found a snail-covered altar of Cheibriados.
    27 | D:2      | Found an opulent altar of Gozag.
    28 | D:2      | Became a worshipper of Cheibriados the Contemplative
   319 | D:1      | Reached XP level 2. HP: 23/23 MP: 5/5
   436 | D:1      | Reached * piety under Cheibriados
   442 | D:1      | Reached XP level 3. HP: 26/28 MP: 6/6
   845 | D:2      | Reached XP level 4. HP: 34/34 MP: 7/7
  1119 | D:2      | Reached ** piety under Cheibriados
  1122 | D:2      | Reached skill level 3 in Long Blades
  1285 | D:3      | Found a shimmering altar of Xom.
  1350 | D:3      | Reached skill level 1 in Invocations
  1373 | D:3      | Reached XP level 5. HP: 30/39 MP: 8/8
  1525 | D:3      | Reached *** piety under Cheibriados
  1618 | D:3      | Noticed Robin
  1645 | D:3      | Killed Robin
  1645 | D:3      | Reached XP level 6. HP: 28/47 MP: 9/9
  1801 | D:4      | Reached skill level 4 in Long Blades
  1820 | D:4      | Noticed a phantom
  1981 | D:5      | Entered Level 5 of the Dungeon
  2159 | D:5      | Found a glowing drain.
  2161 | D:5      | Reached XP level 7. HP: 25/52 MP: 10/10
  2169 | Sewer    | Entered a sewer
  2187 | Sewer    | Reached **** piety under Cheibriados
  2270 | Sewer    | Learned a level 4 spell: Passage of Golubria
  2381 | Sewer    | Reached skill level 5 in Long Blades
  2470 | Sewer    | Reached XP level 8. HP: 49/60 MP: 11/11
  2734 | D:5      | Reached ***** piety under Cheibriados
  2742 | D:5      | Found a sacrificial altar of Ru.
  2772 | D:5      | Noticed Blork the orc
  2782 | D:5      | Killed Blork the orc
  2782 | D:5      | Reached skill level 6 in Long Blades
  2987 | D:7      | Reached skill level 5 in Invocations
  3076 | D:7      | Found a sand-covered staircase.
  3088 | Ossuary  | Entered an ossuary
  3174 | Ossuary  | Reached skill level 5 in Fighting
  3261 | Ossuary  | Reached XP level 9. HP: 65/68 MP: 13/13
  3411 | D:7      | Reached skill level 7 in Long Blades
  3462 | D:6      | Noticed Grinder
  3486 | D:6      | Reached skill level 5 in Dodging
  3519 | D:6      | Killed Grinder
  3634 | D:6      | Got a bone hunting sling
  3660 | D:6      | Noticed a two-headed ogre
  3689 | D:6      | You fall through a shaft!
  3705 | D:7      | Reached ****** piety under Cheibriados
  3754 | D:7      | Reached skill level 8 in Long Blades
  3818 | D:7      | Found a staircase to the Ecumenical Temple.
  4059 | D:6      | Reached XP level 10. HP: 25/76 MP: 8/15
  4078 | D:6      | Found a deep blue altar of Sif Muna.
  4301 | D:8      | Noticed 4thArraOfDagon's ghost (amateur FoWr)
  4380 | D:8      | Noticed Psyche
  4392 | D:8      | Killed Psyche
  4392 | D:8      | Reached skill level 9 in Long Blades
  4393 | D:8      | Found an ornate altar of the Wu Jian Council.
  4454 | D:8      | Noticed Erica
  4467 | D:8      | Killed Erica
  4500 | D:8      | Noticed Maurice
  4511 | D:8      | Killed Maurice
  4626 | D:9      | Reached skill level 10 in Long Blades
  4717 | D:10     | Entered Level 10 of the Dungeon
  4719 | D:10     | Noticed Josephine
  4720 | D:10     | Noticed Erolcha
  4726 | D:10     | Reached XP level 11. HP: 70/84 MP: 11/17
  4726 | D:10     | Killed Josephine
  4727 | D:10     | Killed Erolcha
  4761 | D:10     | Noticed an unseen horror
  4765 | D:10     | Killed an unseen horror
  4780 | D:10     | Reached skill level 11 in Long Blades
  5089 | D:9      | Noticed a six-headed hydra
  5099 | D:9      | Killed a one-headed hydra
  5192 | D:9      | HP: 2/87 [hippogriff (4)]
  5433 | D:11     | Reached XP level 12. HP: 51/94 MP: 19/19
  5586 | D:12     | Reached skill level 10 in Invocations
  5601 | D:12     | Found Olei's Distillery.
  5605 | D:12     | Bought a potion of might for 52 gold pieces
  5605 | D:12     | Bought a potion of lignification for 39 gold pieces
  5605 | D:12     | Bought a potion of curing for 39 gold pieces
  5605 | D:12     | Bought a potion of mutation for 104 gold pieces
  5605 | D:12     | Bought a potion of magic for 104 gold pieces
  5605 | D:12     | Bought 2 potions of curing for 78 gold pieces
  5605 | D:12     | Bought a potion of curing for 39 gold pieces
  5605 | D:12     | Bought a potion of degeneration for 13 gold pieces
  5726 | D:13     | Found a flickering gateway to a bazaar.
  5747 | Bazaar   | Entered a bazaar
  5761 | Bazaar   | Found Emohiaff's Book Shoppe.
  5787 | Bazaar   | Found Onnos's Antique Weapon Shoppe.
  5802 | Bazaar   | Found Couch's General Store.
  5851 | D:13     | Noticed Nessos
  5876 | D:13     | Killed Nessos
  6063 | D:13     | Noticed a seven-headed hydra
  6067 | D:13     | Reached skill level 12 in Long Blades
  6067 | D:13     | Killed a four-headed hydra
  6303 | D:14     | Noticed a seven-headed hydra
  6306 | D:14     | Killed a seven-headed hydra
  6306 | D:14     | Reached skill level 5 in Evocations
  6404 | D:13     | Noticed a centaur warrior
  6406 | D:13     | Killed a centaur warrior
  6406 | D:13     | Reached XP level 13. HP: 76/102 MP: 15/20
  6650 | D:14     | Noticed 4thArraOfDagon's ghost (weakling FoWr)
  6653 | D:14     | Killed 4thArraOfDagon's ghost
  6657 | D:14     | Reached skill level 10 in Fighting
  6727 | D:14     | Reached skill level 13 in Long Blades
  6780 | D:15     | Entered Level 15 of the Dungeon
  6780 | D:15     | Noticed a six-headed hydra
  6811 | D:15     | Killed a three-headed hydra
  6813 | D:15     | Noticed a centaur warrior
  6895 | D:14     | Noticed a centaur warrior
  6904 | D:14     | Killed a centaur warrior
  7063 | D:15     | Noticed a centaur warrior
  7069 | D:15     | Killed a centaur warrior
  7103 | D:15     | Shot with an arrow by a centaur

Vault maps used:
D:1:      lemuel_arrival_rhombus
D:2:      lemuel_crystal_altar, overflow_temple_1_default, bh_walls_and_bars
D:3:      xom_butterflies, first_bread, minmay_item_behind_shaft,
          grunt_ministairs_4, uniq_robin
D:4:      makhleb_altar_promises_db, minivault_24
D:5:      nicolae_ru_great_annihilating_truth, lightli_sewer_entry_pipes,
          uniq_blork_the_orc
D:6:      kennysheep_mini, serial_shops, shop, bh_chokoban,
          mrwooster_statue_mirror, uniq_grinder
D:7:      minmay_temple_entry_junction, nicolae_ossuary_entry_catacombs
D:8:      lemuel_doored_altar, amethyst_overflow_temple_binary,
          david_lair_shrubbed, uniq_erica, uniq_maurice, uniq_psyche
D:10:     cheibrodos_helix_gallery, minmay_orc_entry_guard_dogs, uniq_josephine,
          uniq_nergalle, uniq_erolcha
D:11:     uniq_harold, uniq_fannar, uniq_gastronok
D:12:     serial_shops, shop_statue, grunt_livestock
D:13:     lightli_vaults_fourway_checkpoint, serial_shops, bzr_firewalk,
          uniq_nessos
D:14:     hex_intersection, feat_on_display, uniq_agnes
D:15:     gammafunk_enter_depths_forms, nicolae_tso_swordbearing_angel,
          serial_shops, nicolae_shop_waterfront, hangedman_decor_points,
          grunt_ministairs_1, uniq_rupert
Bazaar:   bazaar_long_row
Sewer:    sewer_co_tree
Ossuary:  minmay_ossuary_two_tombs

Skill      XL: |  1  2  3  4  5  6  7  8  9 10 11 12 13 |
---------------+----------------------------------------+-----
Dodging        | 2 3 4 5 6 7 8 9 |  9.5
Armour         | 2 |  2.3
Long Blades    | 3 4 5 6 8 10 11 12 13 | 13.8
Invocations    | 1 2 3 4 5 6 8 9 10 | 10.1
Fighting       | 3 4 5 6 7 8 9 10 | 10.7
Evocations     | 5 6 |  6.0
Throwing       | |  1.0
Spellcasting   | |  2.1
Translocations | |  2.6

Action                   |  1- 3 |  4- 6 |  7- 9 | 10-12 | 13-15 || total
-------------------------+-------+-------+-------+-------+-------++-------
Melee: Falchion          |    25 |       |   176 |       |       ||   201
       Dagger            |    53 |    11 |       |       |       ||    64
       Short sword       |       |   219 |   355 |    75 |       ||   649
       Scimitar          |       |       |       |   215 |   124 ||   339
Throw: Tomahawk          |     2 |     1 |       |       |     1 ||     4
Invok: Slouch            |       |       |     2 |    11 |     1 ||    14
       Temporal Distorti |       |       |       |     1 |       ||     1
 Abil: Dig               |       |    18 |    22 |    11 |     1 ||    52
       Shaft Self        |       |       |     1 |       |       ||     1
Evoke: Wand              |       |       |     6 |    10 |       ||    16
  Use: Scroll            |       |       |    13 |     3 |       ||    16
       Potion            |       |       |       |     3 |     1 ||     4
 Stab: Paralysed         |       |       |     1 |       |       ||     1
       Sleeping          |       |       |       |       |     1 ||     1
  Eat: Fruit             |       |     6 |       |     7 |       ||    13
       Chunk             |       |       |     3 |     3 |       ||     6
       Royal jelly       |       |       |     1 |       |       ||     1
       Meat ration       |       |       |     1 |       |       ||     1
       Bread ration      |       |       |       |     1 |       ||     1
Armor: Leather armour    |     3 |       |       |       |       ||     3
       Ring mail         |    26 |    24 |       |       |       ||    50
       Chain mail        |       |    41 |   199 |    85 |       ||   325
       Ice dragon scales |       |       |       |    18 |     5 ||    23
       Skin              |       |       |       |    12 |       ||    12
       Troll leather arm |       |       |       |       |    12 ||    12
Dodge: Dodged            |    58 |   103 |   306 |   237 |   105 ||   809
       Rpst.: Falchion   |     8 |       |    39 |       |       ||    47
       Scimitar          |       |       |       |    41 |    21 ||    62
